 Dungeon Crawl Stone Soup version 0.19-a0-1442-g3b32ff5 (webtiles) character file.

1959 epen the Slicer (level 9, -1/46 HPs)
             Began as a Spriggan Monk on Sept 5, 2016.
             Was an Initiate of Gozag.
             Slain by a wight
             ... wielding a +1 halberd of freezing
              (3 damage)
             ... on level 7 of the Dungeon.
             The game lasted 00:13:57 (9018 turns).

epen the Slicer (Spriggan Monk)                     Turns: 9018, Time: 00:13:59

Health: -1/46      AC:  4    Str:  7    XL:     9   Next: 0%
Magic:  10/10      EV: 24    Int: 13    God:    Gozag
Gold:   402        SH:  0    Dex: 20    Spells: 0 memorised, 8 levels left

rFire  . . .     SeeInvis +     w - +3 short sword (freeze)
rCold  + . .     Gourm    .     r - +2 robe
rNeg   . . .     Faith    .     (shield restricted)
rPois  +         Spirit   .     (helmet restricted)
rElec  .         Dismiss  .     (no cloak)
rCorr  .         Reflect  .     (gloves unavailable)
MR     +....     Harm     .     (boots unavailable)
Stlth  ++++......               (no amulet)
                                C - ring of protection from cold
                                x - ring of poison resistance

@: about to teleport, drained, very quick
A: unfitting armour, see invisible, herbivore 3, speed 3, slow metabolism 2
a: Potion Petition, Call Merchant, Bribe Branch, Renounce Religion


You were on level 7 of the Dungeon.
You worshipped Gozag.
Gozag was aware of your devotion.
You were not hungry.

You visited 2 branches of the dungeon, and saw 8 of its levels.

You collected 402 gold pieces.

Inventory:

Hand Weapons
 a - a +0 short sword
 m - a +2 dagger of speed
 w - a +3 short sword of freezing (weapon)
Armour
 b - a +1 robe
 r - a +2 robe (worn)
 A - a +0 shadow dragon armour
Jewellery
 x - a ring of poison resistance (left hand)
 C - a ring of protection from cold (right hand)
 D - an uncursed ring of resist corrosion {unknown}
Wands
 n - a wand of flame (7/48)
 y - a wand of lightning (7/15)
 E - a wand of lightning (6/15)
Scrolls
 d - 3 scrolls of amnesia
 e - a scroll of noise
 h - 3 scrolls of enchant weapon
 j - a scroll of identify
 l - 2 scrolls of remove curse
 s - 2 scrolls of fog
 u - a scroll of teleportation
 B - a scroll of holy word {unknown}
Potions
 f - 2 potions of ambrosia
 g - a potion of agility
 i - a potion of beneficial mutation {unknown}
 k - 2 potions of heal wounds
 o - 2 potions of cancellation {unknown}
 p - a potion of berserk rage
 q - 2 potions of resistance
 t - a potion of haste
 v - a potion of brilliance {unknown}
 z - 2 potions of curing
Comestibles
 c - 4 bread rations


   Skills:
 + Level 4.8(4.5) Fighting
 * Level 8.6(8.3) Short Blades
 * Level 2.7(2.4) Armour
 + Level 8.3(8.0) Dodging
 + Level 7.4(7.1) Stealth


You had 8 spell levels left.
You didn't know any spells.

Dungeon Overview and Level Annotations

Branches:
Dungeon (7/15)             Temple (1/1) D:4

Altars:
Ashenzari
Cheibriados
Dithmenos
Elyvilon
Fedhas
Gozag
Hepliaklqana
Makhleb
Nemelex Xobeh
Qazlal
Ru
Sif Muna
Trog
Uskayaw
Vehumet
Xom
Yredelemnul
Zin
The Shining One

Shops:
D:4 %   D:6 =[[[

Annotations:
D:6 Conn321's ghost, novice DEIE


Innate Abilities, Weirdness & Mutations

You are tiny and cannot use many weapons and most armour.
You have supernaturally acute eyesight. (SInv)
You are a herbivore.
You cover ground extremely quickly.
You need consume almost no food.


Message History

As you read the scroll of teleportation, it crumbles to dust.
You feel strangely unstable. The wight barely misses you.
Unknown command.
You hit the wight but do no damage.
The wight is lightly damaged.
The wight completely misses you. x2; The wight misses you.
You hit the wight but do no damage.
The wight is lightly damaged.
You hit the wight.
The wight is lightly damaged.
The wight closely misses you. The wight misses you.
The wight hits you with a dagger.
You feel drained.
You hit the wight.
The wight is moderately damaged.
The wight hits you but does no damage.
The wight hits you from afar with a halberd of freezing!
* * * LOW HITPOINT WARNING * * *
The wight freezes you.
You die...
Your body crumbles into a pile of gold.

#.#.#..#<.....# #.##.#....##
#####.#.#.....#.#.####.##.#...###
..........#.##.#....#.##....)...
....................>##.....###
####.......#.##.........#..####
.$...........####..#.#.##..#
...........................#
)......?..<#######.#.#.###.#
.....#.......zzz@z...#.# #.#
.....#.############.##.###.#
.............z...........#.#
##.###.#######.....#.#.#.#.######
.....####..........#...#[#.......
8...8.#......zz........#.########
......#.# ....[....##..#.#
.._.....# ..z......##..#.#
......### .........##....#


You could see 4 wights.

Vanquished Creatures
  Pikel (D:5)
  Menkaure (D:7)
  An ice beast (D:6)
  A phantom (D:5)
  4 ogres
  A necrophage (D:6)
  A giant frog (D:7)
  A gnoll sergeant (D:5)
  A scorpion (D:5)
  A wight (D:6)
  A crimson imp (D:7)
  A hound (D:5)
  2 orc wizards (D:3)
  An iguana (D:4)
  3 worker ants
  Terence (D:2)
  A worker ant zombie (D:4)
  9 gnolls
  A howler monkey skeleton (D:6)
  8 adders
  A shadow imp (D:7)
  An adder skeleton (D:4)
  An adder zombie (D:5)
  2 worms
  7 dart slugs
  5 giant geckos
  12 orcs
  4 giant cockroaches
  4 goblins
  6 hobgoblins
  8 jackals (D:5)
  4 quokkas
  2 ball pythons
  13 bats
  A giant gecko zombie (D:7)
  3 giant newts
  2 jackal skeletons
  5 kobolds
  7 rats
129 creatures vanquished.

Vanquished Creatures (others)
  A giant frog (D:6)
  An orc priest (D:6)
  A worker ant (D:6)
  A giant cockroach (D:6)
  A quokka (D:3)
  A ball python (D:3)
  A rat (D:3)
7 creatures vanquished.

Grand Total: 136 creatures vanquished

Notes
Turn   | Place    | Note
-------+----------+-------------------------------------------
     0 | D:1      | epen the Spriggan Monk began the quest for the Orb.
     0 | D:1      | Reached XP level 1. HP: 11/11 MP: 2/2
   129 | D:1      | Reached XP level 2. HP: 8/16 MP: 3/3
   907 | D:2      | Reached XP level 3. HP: 19/19 MP: 4/4
   933 | D:2      | Noticed Terence
   973 | D:2      | Found a faded altar of an unknown god.
  1137 | D:2      | Reached skill level 5 in Dodging
  1631 | D:3      | Reached XP level 4. HP: 24/24 MP: 5/5
  1881 | D:3      | Found a white marble altar of Elyvilon.
  1971 | D:3      | Reached skill level 5 in Short Blades
  1971 | D:3      | Reached XP level 5. HP: 25/28 MP: 6/6
  3158 | D:2      | Killed Terence
  3347 | D:3      | Reached XP level 6. HP: 32/32 MP: 7/7
  3594 | D:4      | Found Noefuz's Food Emporium.
  3616 | D:4      | Found a staircase to the Ecumenical Temple.
  3675 | Temple   | Entered the Ecumenical Temple
  3856 | D:4      | Found a stormy altar of Qazlal.
  4154 | D:4      | Reached XP level 7. HP: 33/37 MP: 8/8
  4250 | D:4      | Reached skill level 5 in Stealth
  4603 | D:5      | Entered Level 5 of the Dungeon
  5712 | D:6      | Found Maloqeas's Jewellery Shop.
  5742 | D:6      | Noticed Conn321's ghost (novice DEIE)
  5794 | D:6      | Found a white marble altar of Elyvilon.
  5795 | D:6      | Found Qearaogh's Armour Shoppe.
  6250 | D:6      | Found Xourobig's Antique Armour Shop.
  6261 | D:6      | Found Axebeid's Antique Armour Boutique.
  6554 | D:7      | Noticed Menkaure
  6934 | D:6      | Reached XP level 8. HP: 42/42 MP: 9/9
  6954 | D:6      | Found a glowing silver altar of Zin.
  6970 | D:6      | Reached skill level 1 in Armour
  7388 | D:7      | Noticed Pikel
  8002 | D:5      | Killed Pikel
  8493 | D:7      | Found an opulent altar of Gozag.
  8500 | D:7      | Became a worshipper of Gozag Ym Sagoz the Greedy
  8994 | D:7      | Killed Menkaure
  8994 | D:7      | Reached XP level 9. HP: 26/46 MP: 10/10
  9018 | D:7      | HP: 2/46 [wight/halberd of freezing (13)]
  9018 | D:7      | Slain by a wight

Vault maps used:
D:1:      minmay_arrival_stone_box
D:2:      ecumenical_altar_1, uniq_terence
D:3:      elyvilon_altar_4
D:4:      grunt_qazlal_clouds, serial_shops, shop_fountains, serial_bayou_pond_d
D:5:      first_bread
D:6:      kennysheep_windowed_halls, old_standard_altar, serial_shops, shop,
          shop, shop, shop, basic_altar
D:7:      grunt_gozag_statues, kennysheep_mini_moat, uniq_menkaure, uniq_pikel
Temple:   compressed_dpeg_circular_temple

Skill      XL: |  1  2  3  4  5  6  7  8 |
---------------+-------------------------+-----
Short Blades   | 4 5 6 7 8 |  8.6
Dodging        | 5 6 7 8 |  8.3
Fighting       | 3 4 |  4.8
Stealth        | 4 6 7 |  7.4
Armour         | 2 |  2.7

Action                   |  1- 3 |  4- 6 |  7- 9 || total
-------------------------+-------+-------+-------++-------
Melee: Short sword       |    56 |   180 |   291 ||   527
       Dagger            |    70 |    27 |       ||    97
Evoke: Wand              |     3 |       |       ||     3
  Use: Scroll            |       |       |    21 ||    21
 Stab: Sleeping          |    11 |    10 |     1 ||    22
       Distracted        |       |     1 |       ||     1
  Eat: Pizza             |       |       |     2 ||     2
       Bread ration      |       |       |     1 ||     1
Armor: Robe              |     5 |     8 |    16 ||    29
       Shadow dragon arm |       |       |     1 ||     1
Dodge: Dodged            |    56 |   141 |   182 ||   379
